Map: Lerilak Crest

Players

JusticeSimon

  • Race: Terran Terran
  • League: Master

WhyAlwaysMe - Winner!

  • Race: Protoss Protoss

VOD

Have the link to the VOD?

Description

Time

  • Played on: March 12, 2016, 11:52 p.m.
  • Length: 10:10
Show
View Real Time Build Order
Export as new Build Order

JusticeSimon Terran 

Build Orders: Reaper Expand 

Get SALT Encoding   

  12  0:00  SCV  
  13  0:13  SCV  
  14  0:18  Supply Depot  
  14  0:25  SCV  
  15  0:39  SCV  
  15  0:40  Barracks  
  16  0:45  Refinery  
  16  0:52  SCV  
  17  1:04  SCV  
  18  1:16  SCV  
  19  1:27  Reaper  
  19  1:29  Orbital Command  
  20  1:42  Command Center  
  20  1:51  Refinery  
  20  1:59  Supply Depot  
  20  2:09  SCV  
  20  2:13  Barracks Reactor  
  21  2:19  Factory  
  21  2:21  SCV  
  22  2:33  SCV  
  23  2:46  SCV  
  23  2:50  Marine x2  
  25  2:55  Orbital Command  
  25  2:56  Bunker  
  25  2:58  SCV  
  26  3:04  Starport  
  26  3:07  Widow Mine  
  28  3:17  SCV  
  28  3:19  Marine x2  
  30  3:26  SCV  
  32  3:29  SCV  
  33  3:36  Widow Mine  
  33  3:37  Marine x2  
  33  3:39  SCV  
  38  3:41  SCV  
  38  3:43  Medivac  
  41  3:49  Engineering Bay  
  41  3:51  SCV  
  41  3:53  SCV  
  43  4:00  Supply Depot  
  43  4:02  Supply Depot  
  43  4:03  SCV  
  43  4:05  Factory Reactor  
  44  4:17  Barracks Tech Lab  
  44  4:18  Barracks  
  44  4:20  Barracks  
  41  4:30  SCV  
  41  4:31  SCV  
  39  4:41  Marine, Stimpack  
  39  4:43  SCV x2  
  42  4:55  SCV x2  
  45  5:07  SCV x2  
  45  5:09  Viking  
  45  5:10  Widow Mine  
  45  5:11  Widow Mine  
  52  5:19  SCV x2  
  54  5:22  Engineering Bay  
  54  5:31  SCV x2  
  54  5:43  SCV x2  
  54  5:45  Barracks Reactor  
  56  5:58  Marine  
  56  6:02  Hellion x2  
  61  6:06  Refinery  
  61  6:07  Terran Infantry Weapons Level 1  
  61  6:09  Refinery  
  61  6:10  Command Center  
  59  6:15  Marine  
  60  6:25  Hellion  
  62  6:26  Barracks  
  62  6:28  Terran Infantry Armor Level 1, Barracks  
  62  6:57  Concussive Shells  
  62  7:01  Barracks Tech Lab  
  62  7:08  Medivac x2, Marine x3  
  69  7:10  Supply Depot  
  69  7:11  Supply Depot  
  69  7:19  Barracks Tech Lab  
  69  7:20  Barracks  
  69  7:22  Barracks  
  69  7:26  Marauder, Marine x2  
  73  7:45  Marine x2  
  73  7:46  Marauder x2, Marine x2  
  73  7:48  Medivac x2, Marauder  
  85  8:03  SCV x2, Orbital Command, Marine  
  87  8:08  Marauder  
  80  8:15  SCV x2  
  71  8:20  Marauder x2, Marine x2  
  71  8:21  Marine x2  
  65  8:27  SCV x2  
  65  8:29  Marauder  
  61  8:38  Marine x2  
  57  8:42  Marauder x2  
  44  8:58  Marine  
  44  8:59  Marine x2  
  41  9:12  SCV x2  
  40  9:20  Marauder x2  
  37  9:24  SCV  
  37  9:25  Medivac x2  
  35  9:38  SCV  
  34  9:45  Marauder x2, Marine x2  
  39  9:46  Marauder, Marine x2  
  39  9:47  Marine  
  39  9:50  SCV  
Show
View Real Time Build Order
Export as new Build Order

WhyAlwaysMe Protoss - Winner!

Build Orders: 1 Gate Expand, Oracle Opening 

Get SALT Encoding   

  12  0:01  Probe (Chrono Boost)  
  13  0:11  Probe (Chrono Boost)  
  14  0:21  Pylon  
  14  0:22  Probe (Chrono Boost)  
  15  0:39  Probe (Chrono Boost)  
  16  0:44  Gateway  
  17  0:50  Probe (Chrono Boost)  
  17  1:00  Probe (Chrono Boost)  
  18  1:14  Nexus  
  18  1:19  Assimilator  
  18  1:25  Assimilator  
  18  1:35  Cybernetics Core  
  18  1:39  Probe (Chrono Boost)  
  19  1:49  Probe (Chrono Boost)  
  19  1:52  Pylon  
  20  2:00  Probe (Chrono Boost)  
  21  2:10  Probe (Chrono Boost)  
  21  2:11  Stalker (Chrono Boost)  
  21  2:13  Warp Gate  
  24  2:22  Probe  
  25  2:34  Probe  
  24  2:46  Probe  
  25  2:51  Stargate  
  25  2:55  Probe  
  26  2:59  Probe  
  27  3:10  Probe  
  27  3:11  Probe, Stalker (Chrono Boost)  
  30  3:21  Probe  
  30  3:23  Probe  
  32  3:31  Probe  
  33  3:37  Oracle (Chrono Boost)  
  36  3:42  Probe  
  38  3:52  Mothership Core  
  38  3:53  Probe  
  40  4:03  Probe  
  40  4:06  Pylon  
  41  4:13  Probe  
  41  4:14  Probe  
  43  4:24  Probe  
  43  4:26  Probe  
  43  4:31  Oracle (Chrono Boost)  
  48  4:33  Stalker  
  48  4:38  Probe  
  51  4:46  Pylon  
  51  4:51  Robotics Facility, Twilight Council  
  48  5:23  Pylon  
  46  5:37  Nexus  
  46  5:39  Observer  
  46  5:40  Pylon  
  47  5:42  Blink (Chrono Boost)  
  47  5:45  Probe  
  47  5:47  Probe  
  49  5:50  Gateway  
  49  5:55  Gateway  
  49  5:56  Probe  
  49  5:59  Probe, Gateway  
  51  6:08  Probe  
  51  6:11  Probe  
  51  6:17  Gateway x2  
  51  6:18  Stalker  
  53  6:20  Probe  
  53  6:23  Probe, Pylon  
  55  6:32  Probe  
  56  6:34  Pylon  
  56  6:35  Probe  
  56  6:37  Observer  
  58  6:44  Probe  
  56  6:47  Probe  
  57  6:55  Assimilator  
  57  6:56  Probe  
  57  6:58  Warp Prism (Chrono Boost)  
  57  6:59  Probe, Stalker x4, Assimilator  
  69  7:04  Probe  
  70  7:14  Probe  
  71  7:30  Stalker x4  
  71  7:33  Resonating Glaives  
  71  7:52  Stalker x2  
  71  7:56  Stalker x2  
  71  7:57  Stalker  
  80  8:00  Probe  
  74  8:16  Stalker x3  
  78  8:22  Stalker  
  78  8:23  Stalker  
  68  8:30  Stalker  
  68  8:37  Probe  
  65  8:44  Zealot x3  
  69  8:53  Stalker x2  
  64  9:00  Zealot  
  62  9:10  Stalker x2  
  62  9:16  Probe  
  61  9:17  Stalker  
  61  9:18  Probe  
  61  9:20  Probe  
  59  9:34  Stalker x2  
  62  9:41  Zealot  
  62  9:42  Zealot  
  65  9:51  Probe x2  
  65  9:57  Stalker x2  
Tags
 
Add a new tag
Caveats
  • Supply blocks, unpowered buildings, or Contaminate may cause inaccurate times.
  • Supply counts are checked every 10 seconds.